 Dungeon Sprint DCSS version 0.31-a0-596-g831eee08f1 (webtiles) character file.

Game seed: 8590215807997941124

37 sircluck the Ducker (level 3, -8/31 HPs)
             Began as a Troll Hedge Wizard on Aug 20, 2023.
             Mangled by an ice beast (13 damage)
             ... in the Dungeon (Sprint IX: "|||||||||||||||||||||||||||||").
             The game lasted 00:00:25 (30 turns).

sircluck the Ducker (Troll Hedge Wizard)              Turns: 30, Time: 00:00:26

Health: -8/31      AC:  4    Str: 20    XL:     3   Next: 23%
Magic:  2/5        EV: 10    Int: 10    God:
Gold:   0          SH:  0    Dex:  9    Spells: 6/7 levels left

rFire   . .          .
                       - Unarmed
rCold   . . .        (no shield)
rNeg    . . .        b - +0 robe
rPois   .            c - +0 hat
rElec   .            (no cloak)
rCorr   .            (gloves unavailable)
SInv    .            (boots unavailable)
Will    .....        (no amulet)
Stlth   ++           (no ring)
HPRegen 1.05/turn    (no ring)
MPRegen 0.09/turn

%: no teleportation
@: no status effects
A: large, unfitting armour, claws 3, regeneration 1, shaggy fur 1, tough skin 1
a: no special abilities


You were in the Dungeon.
You visited 1 branch

Inventory:

Hand Weapons
 a - a +0 dagger
Armour
 b - a +0 robe (worn)
 c - a +0 hat (worn)
Scrolls
 i - a scroll of blinking
Potions
 d - 3 potions of magic
 e - a potion of curing
 f - a potion of heal wounds
 g - a potion of haste
 h - a potion of berserk rage


   Skills:
 + Level 2.5 Dodging
 + Level 1.8 Stealth
 + Level 1.5 Unarmed Combat
 + Level 2.5 Spellcasting
 + Level 1.8 Conjurations
 + Level 1.8 Summonings
 + Level 1.8 Translocations


You had 6 spell levels left.
You knew the following spells:

 Your Spells              Type           Power      Damage    Failure   Level
a - Magic Dart            Conj           20%        1d4       14%         1

Your spell library contained the following spells:

 Spells                   Type           Power      Damage    Failure   Level
 Blink                    Tloc           8%         N/A       22%         2
 Call Imp                 Summ           8%         N/A       22%         2
 Slow                     Hex            4%         N/A       30%         1
 Cigotuvi's Dreadful Rot  Necr/Pois/Air  2%         N/A       41%         2
 Mephitic Cloud           Conj/Pois/Air  2%         N/A       56%         3


Dungeon Overview and Level Annotations

Branches:
Dungeon (1/1)

Altars:


Innate Abilities, Weirdness & Mutations

You are too large for most types of armour.
You have claws for hands.
Your natural rate of healing is unusually fast.
You are covered in fur. (AC +1)
You have tough skin. (AC +1)


Message History

Your Dodging skill increases to level 2!
You scratch the hobgoblin.
The hobgoblin is severely wounded.
The hobgoblin barely misses you.
You scratch the hobgoblin.
You kill the hobgoblin!
You open the door.
A hound, an ice beast, 2 phantoms and a jelly come into view.
The hound barks!
The hound bites you but does no damage. The hound barely misses you.
There is an open door here.
You claw the hound!
The hound is heavily wounded.
The hound bites you.
You claw the hound!
You kill the hound!
Your Unarmed Combat skill increases to level 1!
You have reached level 2!
You have reached level 3!
Your experience leads to an increase in your attributes!
Increase (S)trength, (I)ntelligence, or (D)exterity?
You feel stronger. x3
You barely miss the ice beast.
The jelly jiggles.
The ice beast hits you but does no damage.
You scratch the ice beast but do no damage.
The ice beast hits you. The ice beast freezes you!
You scratch the ice beast.
The ice beast is lightly wounded.
The ice beast closely misses you.
You claw the ice beast!
The ice beast is heavily wounded.
The ice beast hits you. The ice beast freezes you!
* * * LOW HITPOINT WARNING * * *
You barely miss the ice beast.
The ice beast is heavily wounded.
The ice beast hits you.
* * * LOW HITPOINT WARNING * * *
The ice beast freezes you!
You die...

▓.▓
▓.▓
▓†▓
▓.▓
▓.▓
▓.▓
▓.▓
▓.▓
▓@▓
▓Y▓
▓W▓
▓W▓
▓J▓
▓.▓
▓+▓


You could see an ice beast, 2 phantoms and a jelly.

Vanquished Creatures
  A hound (D)
  A dart slug (D)
  A giant cockroach (D)
  2 hobgoblins (D)
  A rat (D)
6 creatures vanquished.

Notes
Turn   | Place    | Note
-------+----------+-------------------------------------------
     0 | D        | sircluck the Troll Hedge Wizard began the quest for the
                  | Orb.
     0 | D        | Reached XP level 1. HP: 16/16 MP: 2/2
    10 | D        | Reached skill level 1 in Conjurations
    10 | D        | Reached skill level 1 in Summonings
    10 | D        | Reached skill level 1 in Translocations
    22 | D        | Noticed a hound
    22 | D        | Noticed an ice beast
    22 | D        | Noticed a phantom
    22 | D        | Noticed a phantom
    22 | D        | Noticed a jelly
    25 | D        | Killed a hound
    26 | D        | Reached skill level 1 in Unarmed Combat
    26 | D        | Reached XP level 2. HP: 23/24 MP: 2/4
    26 | D        | Reached XP level 3. HP: 30/31 MP: 2/5
    30 | D        | Mangled by an ice beast

Illustrated notes

Levels and vault maps discovered:
D:        linesprint [early_d, line_temple, items_1, d_10, items_2, lair_1,
          lair_end, items_3, orc_1, orc_end, items_4, d_15, swamp_1, shoals_1,
          snake_1, spider_1, d_20, vaults_1, items_5, swamp_end, shoals_end,
          snake_end, spider_end, vaults_end, d_27, items_6, zot_1, zot_end,
          crypt_end, forest_end, elf_end, slime_end, tomb_end, abyss_end,
          pan_hell_end]

Skill      XL: |  1 |
---------------+----+-----
Conjurations   | 1 |  1.8
Summonings     | 1 |  1.8
Translocations | 1 |  1.8
Dodging        | 2 |  2.5
Unarmed Combat | 1 |  1.5
Stealth        | |  1.8
Spellcasting   | |  2.5

Action                     || total
---------------------------++-------
  Melee: Unarmed           ||    16
         Dagger            ||     2
         Punch             ||     1
 Armour: Robe              ||     3
  Dodge: Dodged            ||     6

Table legend: (Time is in decaauts)
 A = Elapsed time spent in this place.
 B = Non-inter-level travel time spent in this place.
 C = Inter-level travel time spent in this place.
 D = Time resting spent in this place.
 E = Time spent auto-exploring this place.
 F = Levels seen in this place.
 G = Mean time per level.
                   A        B        C        D        E       F      G
               +--------+--------+--------+--------+--------+-----+--------+
         Total |     29 |     29 |      0 |      0 |      0 |   1 |   29.0 |
       Dungeon |     29 |     29 |      0 |      0 |      0 |   1 |   29.0 |
               +--------+--------+--------+--------+--------+-----+--------+

Top non-repeatable levels by time:
       D: 29 daAuts
